 Dungeon Crawl Stone Soup version 0.20.0-15-g7f486f2 (webtiles) character file.

128 dvd the Ruffian (level 4, -17/40 HPs)
             Began as a Troll Transmuter on June 11, 2017.
             Demolished by Menkaure (23 damage)
             ... on level 4 of the Dungeon.
             The game lasted 00:04:39 (2093 turns).

dvd the Ruffian (Troll Transmuter)                  Turns: 2093, Time: 00:04:40

Health: -17/40     AC:  5    Str: 18    XL:     4   Next: 86%
Magic:  4/5        EV: 10    Int: 10    God:
Gold:   88         SH:  0    Dex: 10    Spells: 5/6 levels left

rFire    . . .     SeeInvis .     - Unarmed
rCold    . . .     Gourm    +   (no shield)
rNeg     . . .     Faith    .   b - +0 robe
rPois    .         Spirit   .   (helmet restricted)
rElec    .         Reflect  .   l - scarf {repulsion}
rCorr    .         Harm     .   (gloves unavailable)
MR       .....                  (boots unavailable)
Stlth    +.........             (no amulet)
Regen    0.6/turn               g - ring of wizardry
MPRegen  0.1/turn               (no ring)

@: appendage (expiring), repel missiles
A: unfitting armour, claws 3, horns 2, fast metabolism 3, gourmand, regeneration
1, shaggy fur 1, tough skin 2
a: End Transformation


You were on level 4 of the Dungeon.
You were very full.
You had grown temporary horns.
You visited 1 branch of the dungeon, and saw 4 of its levels.

You collected 88 gold pieces.

Inventory:

Missiles
 a - 80 arrows
 m - 3 tomahawks (quivered)
Armour
 b - a +0 robe (worn)
 l - a scarf of repulsion (worn)
Jewellery
 g - a ring of wizardry (left claw)
Scrolls
 e - 4 scrolls of identify {unknown}
 h - 3 scrolls of remove curse {unknown}
 n - a scroll of fear {unknown}
 p - a scroll of immolation {unknown}
Potions
 i - a potion of might {unknown}
 j - 3 potions of heal wounds {unknown}
 o - a potion of haste {unknown}
 q - a potion of mutation {unknown}
Books
 c - a book of Changes

   Spells                             Type                      Level
   a - Beastly Appendage              Transmutation                1
   b - Sticks to Snakes               Transmutation                2
   c - Spider Form                    Transmutation/Poison         3
   d - Ice Form                       Ice/Transmutation            4
   e - Blade Hands                    Transmutation                5
Comestibles
 d - 3 bread rations
 k - 2 fruits
 r - a meat ration


   Skills:
 + Level 0.7 Fighting
 + Level 2.0 Dodging
 + Level 4.2 Unarmed Combat
 + Level 1.6 Spellcasting
 * Level 2.4 Transmutations


You had 5 spell levels left.
You knew the following spells:

 Your Spells              Type           Power        Failure   Level  Hunger
a - Beastly Appendage     Tmut           #.....       4%          1    ##.....


Dungeon Overview and Level Annotations

Branches:
Dungeon (4/15)
 Temple: D:4-7

Altars:
Ashenzari
Makhleb
Nemelex Xobeh

Annotations:
D:4 Menkaure


Innate Abilities, Weirdness & Mutations

You are too large for most types of armour.
You have claws for hands.
Your metabolism is lightning-fast.
You like to eat raw meat.
Your natural rate of healing is unusually fast.
You are covered in fur. (AC +1)
You have very tough skin. (AC +2)
You have a pair of horns on your head.


Message History

You closely miss Menkaure.
Menkaure is lightly damaged.
Menkaure misses you.
You scratch Menkaure but do no damage.
Menkaure is lightly damaged.
You scratch Menkaure but do no damage.
Menkaure is lightly damaged.
Menkaure calls on the powers of darkness!
Your body is wracked with pain!
* * * LOW HITPOINT WARNING * * *
You claw Menkaure!
Menkaure is almost destroyed.
Menkaure calls on the powers of darkness!
Your body is wracked with pain!
* * * LOW HITPOINT WARNING * * *
You completely miss Menkaure.
Menkaure is almost destroyed.
Menkaure hits you!!
Ouch! That really hurt!
You die...

#..........
#..†.......####
#..............
#..<..........#
#........(....#
##............#
#..............
#.......M.....#
#......@......#
#.............#
#.............#
##............#
##......######
########


You could see Menkaure.

Vanquished Creatures
  A worker ant (D:4)
  An adder (D:3)
  2 oozes
  3 worms
  3 dart slugs (D:1)
  4 leopard geckos
  3 orcs (D:3)
  3 ball pythons
  5 giant cockroaches
  6 goblins
  9 hobgoblins
  4 kobolds
  6 bats
  4 frilled lizards
  8 rats
62 creatures vanquished.

Notes
Turn   | Place    | Note
-------+----------+-------------------------------------------
     0 | D:1      | dvd the Troll Transmuter began the quest for the Orb.
     0 | D:1      | Reached XP level 1. HP: 18/18 MP: 1/1
   106 | D:1      | Reached XP level 2. HP: 26/26 MP: 0/2
   107 | D:1      | Found a shattered altar of Ashenzari.
   426 | D:1      | Reached XP level 3. HP: 32/32 MP: 2/4
   702 | D:2      | Found a burning altar of Makhleb.
  1065 | D:3      | Found a sparkling altar of Nemelex Xobeh.
  1150 | D:3      | Reached XP level 4. HP: 39/40 MP: 3/5
  1808 | D:3      | Reached skill level 4 in Unarmed Combat
  1984 | D:4      | HP: 2/40 [poisoned by a worker ant]
  1989 | D:4      | HP: 2/40 [poisoned by a worker ant]
  1996 | D:4      | HP: 2/40 [poisoned by a worker ant]
  2081 | D:4      | Noticed Menkaure
  2093 | D:4      | Demolished by Menkaure

Skill      XL: |  1  2  3  4 |
---------------+-------------+-----
Transmutations | 2 |  2.4
Unarmed Combat | 4 |  4.2
Dodging        | 2 |  2.0
Fighting       | |  0.7
Spellcasting   | |  1.6

Action                   |  1- 3 |  4- 6 || total
-------------------------+-------+-------++-------
Melee: Unarmed           |    95 |    72 ||   167
       Kick              |    10 |     3 ||    13
       Headbutt          |     5 |     6 ||    11
       Punch             |     4 |       ||     4
Throw: Tomahawk          |       |     3 ||     3
 Cast: Beastly Appendage |    25 |    15 ||    40
 Stab: Sleeping          |     2 |       ||     2
  Eat: Chunk             |    17 |     8 ||    25
Armor: Robe              |    26 |    24 ||    50
Dodge: Dodged            |    37 |    40 ||    77
       Deflected         |       |     2 ||     2
